 Dungeon Crawl Stone Soup version 0.22-a0-580-gd5db89c09a (webtiles) character file.

11 Issentia the Ruffian (level 2, -2/24 HPs)
             Began as a Ghoul Gladiator on July 2, 2018.
             Slain by a kobold
             ... wielding a +0 whip
              (6 damage)
             ... on level 1 of the Dungeon.
             The game lasted 00:04:37 (102 turns).

Issentia the Ruffian (Ghoul Gladiator)               Turns: 102, Time: 00:04:38

Health: -2/24      AC:  4    Str: 17    XL:     2   Next: 29%
Magic:  1/1        EV: 12    Int:  3    God:
Gold:   12         SH:  0    Dex: 10    Spells: 1/1 levels left

rFire    . . .     SeeInvis .     - Unarmed
rCold    + . .     Gourm    .   (no shield)
rNeg     + + +     Faith    .   a - +0 leather armour
rPois    ∞         Spirit   .   b - +0 helmet
rElec    .         Reflect  .   (no cloak)
rCorr    .         Harm     .   (no gloves)
MR       .....                  (no boots)
Stlth    +.........             (no amulet)
HPRegen  0.00/turn              (no ring)
MPRegen  0.07/turn              (no ring)

@: rotting
A: rotting body, claws 1, carnivore, cold resistance 1, negative energy
resistance 3, inhibited regeneration, torment resistance, unbreathing
a: no special abilities


You were on level 1 of the Dungeon.
You were not hungry.

You visited 1 branch of the dungeon, and saw 1 of its levels.

You collected 12 gold pieces.

Inventory:

Hand Weapons
 e - a +0 dagger
 f - a +0 dagger
Missiles
 c - 3 throwing nets (quivered)
Armour
 a - a +0 leather armour (worn)
 b - a +0 helmet (worn)
 g - a +0 leather armour
Comestibles
 d - a ration


   Skills:
 + Level 2.2 Fighting
 + Level 1.9 Throwing
 + Level 2.9 Dodging
 + Level 3.6 Unarmed Combat


You had one spell level left.
You didn't know any spells.
Your spell library was empty.

Dungeon Overview and Level Annotations

Branches:
Dungeon (1/15)

Altars:


Innate Abilities, Weirdness & Mutations

Your body is rotting away.
You thrive on raw meat.
You are immune to poison.
You have sharp fingernails.
You are carnivorous and can eat meat at any time.
Your flesh is cold resistant. (rC+)
You are immune to negative energy. (rN+++)
You do not regenerate when monsters are visible.
You are immune to unholy pain and torment.
You can survive without breathing.


Message History

The kobold hits you with a whip.
* * * LOW HITPOINT WARNING * * *
The bat hits you but does no damage.
Your leather armour prevents you from hitting the kobold.
The kobold is moderately wounded.
The bat misses you. The bat barely misses you.
The kobold completely misses you. The bat hits you but does no damage.
The bat misses you.
The leopard gecko hisses menacingly.
The kobold throws a stone.
The stone closely misses you.
The stone closely misses the bat.
The bat barely misses you. The bat misses you.
The bat hits you but does no damage.
You barely miss the kobold. The bat barely misses you.
The bat hits you but does no damage. The giant cockroach misses you.
The kobold hits you with a whip.
* * * LOW HITPOINT WARNING * * *
You closely miss the kobold. The bat closely misses you.
The giant cockroach barely misses you. The kobold hits you with a whip.
You die...

#..........# .#
#..........# #.#
#..........##..#
................#
.............##...#
..##########.##.#... #
#.##.# # #.##.#
.######.#@K############...
.....(..s.bglK...(.(.....#
#######.#.#######(........
#....†††.(((#.###.#.
#..#######.......... ####
#..#.###.# #..#.#[#.#
#..#.###.# #.(.......


You could see a leopard gecko, a giant cockroach, a hobgoblin, a bat and 2
kobolds.

Vanquished Creatures
  A dart slug (D:1)
  A bat (D:1)
  3 jackals (D:1)
  3 kobolds (D:1)
  A rat (D:1)
9 creatures vanquished.

Notes
Turn   | Place    | Note
-------+----------+-------------------------------------------
     0 | D:1      | Issentia the Ghoul Gladiator began the quest for the Orb.
     0 | D:1      | Reached XP level 1. HP: 17/17 MP: 0/0
    25 | D:1      | Reached XP level 2. HP: 21/24 MP: 1/1
   102 | D:1      | Slain by a kobold

Vault maps used:
D:1:      minmay_arrival_solitary_statue, minmay_surrounded

Action                   || total
-------------------------++-------
Melee: Unarmed           ||    30
Armor: Leather armour    ||    35
Dodge: Dodged            ||    63

Table legend:
 A = Spawn XP
 B = Non-spawn XP
 C = Spawn XP percentage of total XP
 D = Spawn monster count
 E = Non-spawn monster count
 F = Spawn count percentage of total count
 G = Total turns spent on level
                    A         B        C        D         E        F      G
               +---------+---------+-------+---------+---------+-------+---------
         Total |       0 |      17 |   0.0 |       0 |       9 |   0.0 |   102
               +---------+---------+-------+---------+---------+-------+---------
           D:1 |       0 |      17 |   0.0 |       0 |       9 |   0.0 |   102
               +---------+---------+-------+---------+---------+-------+---------
